 Dungeon Crawl Stone Soup version 0.27-a0-379-g34d631faf5 (console) character file.

Game seed: 18356526736882664275

13 Garrluk the Firebug (level 2, -2/20 HPs)
             Began as a Hill Orc Fire Elementalist on Feb 17, 2021.
             Slain by an orc
             ... wielding a +0 short sword
              (5 damage)
             ... on level 2 of the Dungeon.
             The game lasted 00:02:30 (238 turns).

Garrluk the Firebug (Hill Orc Fire Elementalist)     Turns: 238, Time: 00:02:31

Health: -2/20      AC:  3    Str: 10    XL:     2   Next: 37%
Magic:  0/4        EV: 12    Int: 15    God:
Gold:   6          SH:  0    Dex: 11    Spells: 3/4 levels left

rFire    + . .     SeeInvis .   f - +0 short sword
rCold    x . .     Faith    .   (no shield)
rNeg     . . .     Spirit   .   a - +0 robe
rPois    .         Reflect  .   (no helmet)
rElec    .         Harm     .   b - +0 cloak
rCorr    .         Rampage  .   (no gloves)
Will     .....                  (no boots)
Stlth    ++........             (no amulet)
HPRegen  0.06/turn              g - ring of fire
MPRegen  0.09/turn              (no ring)

@: very slightly contaminated
A: no striking features
a: no special abilities


You were on level 2 of the Dungeon.
You visited 1 branch of the dungeon, and saw 2 of its levels.

You collected 6 gold pieces.

Notes
Turn   | Place    | Note
-------+----------+-------------------------------------------
     0 | D:1      | Garrluk the Hill Orc Fire Elementalist began the quest for
                  | the Orb.
     0 | D:1      | Reached XP level 1. HP: 14/14 MP: 3/3
   152 | D:2      | Reached XP level 2. HP: 20/20 MP: 0/4
   238 | D:2      | Slain by an orc

Inventory:

Hand Weapons
 f - a +0 short sword (weapon)
   (You found it on level 2 of the Dungeon)
Armour
 a - a +0 robe (worn)
 b - a +0 cloak (worn)
   (You found it on level 1 of the Dungeon)
Jewellery
 g - a ring of fire (left hand)
   (You found it on level 2 of the Dungeon)
Scrolls
 e - a scroll of enchant weapon {unknown}
Potions
 c - 2 potions of curing {unknown}
 d - a potion of might {unknown}

Table legend: (Time is in decaauts)
 A = Elapsed time spent in this place.
 B = Non-inter-level travel time spent in this place.
 C = Inter-level travel time spent in this place.
 D = Time resting spent in this place.
 E = Time spent auto-exploring this place.
 F = Levels seen in this place.
 G = Mean time per level.
                   A        B        C        D        E       F      G
               +--------+--------+--------+--------+--------+-----+--------+
         Total |    237 |    237 |      0 |      0 |      0 |   2 |  118.5 |
       Dungeon |    237 |    237 |      0 |      0 |      0 |   2 |  118.5 |
               +--------+--------+--------+--------+--------+-----+--------+

Top non-repeatable levels by time:
     D:1: 141 daAuts
     D:2: 96 daAuts


   Skills:
 - Level 1.5 Dodging
 - Level 1.5 Stealth
 + Level 1.8 Spellcasting
 * Level 2.0 Conjurations
 - Level 3.2 Fire Magic


You had 3 spell levels left.
You knew the following spells:

 Your Spells              Type           Power        Failure   Level
a - Foxfire               Conj/Fire      56%          8%          1

Your spell library contained the following spells:

 Spells                   Type           Power        Failure   Level
 Conjure Flame            Conj/Fire      14%          22%         3
 Inner Flame              Hex/Fire       9%           34%         3
 Sticky Flame             Conj/Fire      14%          58%         4
 Fireball                 Conj/Fire      7%           91%         5


Dungeon Overview and Level Annotations

Branches:
Dungeon (2/15)

Altars:


Message History

The foxfire hits the rat but does no damage.
The foxfire hits the rat.
You kill the rat!
g - a tubular diamond ring
There are no items here.
You feel more attuned to fire.
g - a ring of fire (left hand)
You hit the orc.
The orc is moderately wounded.
The orc misses you.
The orc throws a silver boomerang.
The silver boomerang hits you but does no damage.
Casting: Foxfire (safe; 8% risk of failure)
Confirm with . or Enter, or press ? or * to list all spells.
You feel a surge of power!
You conjure some foxfire!
The foxfire hits the orc but does no damage.
The orc is moderately wounded.
You barely miss the orc.
The orc is moderately wounded.
The foxfire hits the orc.
The orc is heavily wounded.
Casting: Foxfire (safe; 8% risk of failure)
Confirm with . or Enter, or press ? or * to list all spells.
You feel a surge of power!
You conjure some foxfire!
The orc hits you with a +0 short sword.
* * * LOW HITPOINT WARNING * * *
You hit the orc but do no damage.
The orc is heavily wounded.
The foxfire hits the orc but does no damage.
The orc is heavily wounded.
The orc misses you.
You hit the orc but do no damage.
The orc is heavily wounded.
The orc hits you with a +0 short sword.
* * * LOW HITPOINT WARNING * * *
Casting: Foxfire (safe; 8% risk of failure)
Confirm with . or Enter, or press ? or * to list all spells.
You feel a surge of power!
You miscast Foxfire.
You are very lightly contaminated with residual magic.
Nothing appears to happen.
The orc hits you with a +0 short sword.
You die...

#......## #......##
#. #......## #.#
###......# #.###
###......#'# ..#..
###......###.#
#(#.###......###.†.#
#.#'#......###....##
#.#......###....#..#
#......###..§##o##.#
##.#..###.o.# #@.#.#
...#### ### ######
##........
########## ...##
....# ....# ...###
....... ...####
#....#


You could see an orc.

Table legend:
 A = Kills in this place as a percentage of kills in entire the game.
 B = Kills by you in this place as a percentage of kills by you in the entire game.
 C = Kills by friends in this place as a percentage of kills by friends in the entire game.
 D = Other kills in this place as a percentage of other kills in the entire game.
 E = Experience gained in this place as a percentage of experience gained in the entire game.
 F = Experience gained in this place divided by the number of levels of this place that you have seen.
                   A       B       C       D       E      F
               +-------+-------+-------+-------+-------+----------------------
         Total | 100.0 | 100.0 |   N/A |   N/A | 100.0 |   9.5
       Dungeon | 100.0 | 100.0 |   N/A |   N/A | 100.0 |   9.5
               +-------+-------+-------+-------+-------+----------------------

Vanquished Creatures
  Monster Symbol All 'B'
  A giant cockroach (D:1)
1 creature vanquished. All 'K' A kobold (D:2)
1 creature vanquished. All 'g' 3 goblins A hobgoblin (D:1)
4 creatures vanquished. All 'l' 2 leopard geckos (D:2)
2 creatures vanquished. All 'r' 2 rats (D:2)
2 creatures vanquished. All 'v' 17 foxfires
17 creatures vanquished.
27 creatures vanquished. Monster Nature Natural Monsters 2 leopard geckos (D:2) A giant cockroach (D:1) 3 goblins A hobgoblin (D:1) A kobold (D:2) 2 rats (D:2)
10 creatures vanquished. Non-Living Monsters 17 foxfires
17 creatures vanquished.
27 creatures vanquished. Ascending Order A hobgoblin (D:1) A giant cockroach (D:1) A kobold (D:2) 2 leopard geckos (D:2) 2 rats (D:2) 3 goblins 17 foxfires
27 creatures vanquished.

Action                   || total
-------------------------++-------
Melee: Unarmed           ||    22
       Short sword       ||     6
 Cast: Foxfire           ||    13
 Stab: Sleeping          ||     1
Armor: Robe              ||     4
Dodge: Dodged            ||    16
